 Dungeon Crawl Stone Soup version 0.30.1-11-g7821555f0a (webtiles) character file.

Game seed: 8244780747479595022

223 FakeRyeBread the Trooper (level 5, -5/47 HPs)
             Began as a Minotaur Fighter on Dec 14, 2023.
             Slain by an ogre
             ... wielding a +0 giant club
              (9 damage)
             ... on level 4 of the Dungeon.
             The game lasted 00:06:44 (2365 turns).

FakeRyeBread the Trooper (Minotaur Fighter)         Turns: 2365, Time: 00:06:44

Health: -5/47      AC:  8    Str: 23    XL:     5   Next: 66%
Magic:  4/4        EV:  9    Int:  5    God:
Gold:   36         SH:  4    Dex:  9    Spells: 4/4 levels left

rFire   . . .        a - +0 war axe
rCold   . . .        c - +0 buckler
rNeg    . . .        b - +0 scale mail
rPois   .            (helmet restricted)
rElec   .            (no cloak)
rCorr   .            (no gloves)
SInv    .            i - +0 pair of boots
Will    .....        (no amulet) Stlth
                     (no ring)
HPRegen 0.27/turn    (no ring)
MPRegen 0.09/turn

%: no passive effects
@: no status effects
A: horns 2, retaliatory headbutt
a: no special abilities


You were on level 4 of the Dungeon.
You visited 1 branch of the dungeon, and saw 4 of its levels.

You collected 36 gold pieces.

Inventory:

Hand Weapons
 a - a +0 war axe (weapon)
Missiles
 k - 4 javelins (quivered)
 p - 4 boomerangs
Armour
 b - a +0 scale mail (worn)
 c - a +0 buckler (worn)
 i - a +0 pair of boots (worn)
 s - a +0 helmet
Jewellery
 o - a ring of positive energy
Scrolls
 f - 2 scrolls of teleportation
 g - a scroll of blinking
 r - a scroll of fog
Potions
 d - 2 potions of might
 e - a potion of lignification {unknown}
 j - a potion of magic
 l - a potion of flight
 m - a potion of ambrosia
 q - a potion of resistance


   Skills:
 + Level 4.8 Fighting
 * Level 4.8 Axes
 + Level 4.7 Armour
 + Level 4.7 Shields


You had 4 spell levels left.
You didn't know any spells.
Your spell library contained the following spells:

 Spells                   Type           Power      Damage    Failure   Level
 Beastly Appendage        Tmut           0%         N/A       83%         1
 Sandblast                Erth           0%         2d4       83%         1
 Passwall                 Tmut/Erth      0%         N/A       93%         2
 Scorch                   Fire           0%         2d5       93%         2
 Wereblood                Tmut           0%         N/A       93%         2
 Call Canine Familiar     Summ           0%         N/A       99%         3
 Ozocubu's Armour         Ice            0%         N/A       99%         3
 Portal Projectile        Hex/Tloc       0%         N/A       99%         3
 Spider Form              Tmut/Pois      0%         N/A       99%         3
 Stone Arrow              Conj/Erth      0%         3d7       99%         3
 Flame Wave               Conj/Fire      0%         2d4       100%        4
 Leda's Liquefaction      Hex/Erth       0%         N/A       100%        4
 Metabolic Englaciation   Hex/Ice        0%         N/A       100%        5
 Simulacrum               Ice/Necr       0%         N/A       100%        6
 Summon Cactus Giant      Summ           0%         N/A       100%        6


Dungeon Overview and Level Annotations

Branches:
Dungeon (4/15)
 Temple: D:4-7

Altars:
The Shining One

Shops:
D:3 [


Innate Abilities, Weirdness & Mutations

You have a pair of horns on your head.
You reflexively headbutt those who attack you in melee.


Message History

There is a stone staircase leading down here.
You open the door.
An ogre and 2 kobolds come into view.
The kobold shouts! x2
Found a falchion.
You block the kobold's attack.
There is an open door here.
You slash the kobold!
You kill the kobold!
You closely miss the kobold. The kobold barely misses you.
You hit the kobold but do no damage. The kobold hits you but does no damage.
You block the ogre's attack. The kobold hits you but does no damage.
You hit the ogre.
The ogre is lightly wounded.
You closely miss the kobold. You block the kobold's attack.
You hit the ogre. Your headbutt misses the ogre.
The ogre is moderately wounded.
You miss the kobold. The ogre hits you with a +0 giant club.
The kobold hits you with a +0 club.
You barely miss the ogre.
The ogre is moderately wounded.
You hit the kobold. The kobold hits you but does no damage.
The ogre hits you with a +0 giant club!!
Ouch! That really hurt!
* * * LOW HITPOINT WARNING * * *
The kobold closely misses you.
You slash the ogre! You headbutt the ogre.
The ogre is severely wounded.
You closely miss the kobold. The ogre hits you with a +0 giant club!
* * * LOW HITPOINT WARNING * * *
The kobold hits you but does no damage.
You barely miss the ogre.
The ogre is severely wounded.
You slash the kobold!
You kill the kobold!
The ogre closely misses you.
You hit the ogre.
The ogre is severely wounded.
The ogre hits you with a +0 giant club!
You die...

#######
.......
.......
.......####
....).O@.>#
......)##.#
....... #.#
....... #.#
....### #.#
#### #.#
########.#
.........#
########.##


You could see an ogre.

Vanquished Creatures
  A scorpion (D:4)
  Natasha (thrice) (D:3)
  2 adders (D:3)
  2 worms (D:2)
  3 dart slugs
  6 orcs (D:3)
  4 endoplasms
  A giant cockroach (D:1)
  6 hobgoblins
  2 quokkas
  6 ball pythons
  5 bats
  4 frilled lizards
  4 goblins
  8 kobolds
  3 rats
60 creatures vanquished.

Notes
Turn   | Place    | Note
-------+----------+-------------------------------------------
     0 | D:1      | FakeRyeBread the Minotaur Fighter began the quest for the
                  | Orb.
     0 | D:1      | Reached XP level 1. HP: 19/19 MP: 0/0
   185 | D:1      | Reached XP level 2. HP: 27/27 MP: 1/1
   643 | D:2      | Reached XP level 3. HP: 33/33 MP: 2/2
   703 | D:2      | Found a faded altar of an unknown god.
   775 | D:2      | Found a glowing golden altar of the Shining One.
  1178 | D:3      | Found Qaduvok's Armour Emporium.
  1237 | D:3      | Noticed Natasha
  1241 | D:3      | Killed Natasha
  1242 | D:3      | Reached XP level 4. HP: 40/40 MP: 3/3
  1603 | D:3      | Noticed Natasha
  1614 | D:3      | Killed Natasha
  1934 | D:3      | Reached XP level 5. HP: 47/47 MP: 4/4
  2169 | D:3      | Noticed Natasha
  2174 | D:3      | Killed Natasha
  2356 | D:4      | Noticed an ogre
  2365 | D:4      | Slain by an ogre

Illustrated notes

Levels and vault maps discovered:
D:1:      mrwooster_arrival_statue_3, layout_rooms
D:2:      layout_loops_ring, basic_altar,
          hellmonk_ecumenical_altar_pennies_from_heaven
D:3:      layout_basic, serial_shops, nicolae_shop_behind_doors, uniq_natasha
D:4:      layout_basic, mainiacjoe_overflow_brackets,
          ebering_ghost_disaster_area

Skill      XL: |  1  2  3  4 |
---------------+-------------+-----
Axes           | 3 4 |  4.8
Fighting       | 4 |  4.8
Shields        | 4 |  4.7
Armour         | 4 |  4.7

Action                     |  1- 3 |  4- 6 || total
---------------------------+-------+-------++-------
  Melee: War axe           |    72 |    51 ||   123
         Headbutt          |    11 |     5 ||    16
    Use: Scroll            |       |     9 ||     9
 Armour: Scale mail        |    26 |    32 ||    58
  Dodge: Dodged            |    31 |    23 ||    54
  Block: Buckler           |     7 |    12 ||    19
